Map: New Repugnancy LE

Players

TYTY (TY)

  • Race: Terran Terran
  • League: Master
  • Spawn Location: 1:00

Serral - Winner!

  • Race: Zerg Zerg
  • League: Grandmaster
  • Spawn Location: 7:00

Event: HomeStory Cup XIX

VOD

Have the link to the VOD?

Description

Time

  • Played on: June 30, 2019, 6:53 p.m.
  • Length: 20:02

All games in this series

Show
View Real Time Build Order
Export as new Build Order

TYTY Terran 

Build Orders: Reaper Expand 

Get SALT Encoding   

  12  0:00  SCV  
  13  0:12  SCV  
  14  0:17  Supply Depot  
  14  0:24  SCV  
  15  0:38  SCV  
  15  0:40  Barracks  
  16  0:43  Refinery  
  16  0:50  SCV  
  17  1:02  SCV  
  18  1:14  SCV  
  19  1:27  Orbital Command, Reaper  
  20  1:40  Command Center  
  20  1:52  SCV  
  21  1:55  Supply Depot  
  21  1:59  Marine  
  22  2:07  Factory  
  22  2:08  SCV  
  23  2:17  Refinery  
  23  2:19  Barracks Reactor  
  23  2:20  SCV  
  24  2:32  SCV  
  25  2:44  SCV  
  26  2:52  Starport  
  26  2:53  Orbital Command  
  26  2:57  SCV  
  27  3:01  Hellion x2  
  27  3:02  Barracks Tech Lab  
  31  3:09  SCV  
  32  3:19  SCV  
  33  3:22  Hellion x2  
  33  3:23  SCV  
  38  3:28  Viking  
  38  3:32  Stimpack  
  40  3:36  SCV  
  40  3:38  SCV, Supply Depot  
  42  3:45  Marine  
  42  3:48  SCV  
  44  3:53  SCV  
  45  3:57  Supply Depot  
  45  3:58  Supply Depot  
  45  4:01  Starport Reactor  
  45  4:04  Barracks  
  45  4:05  SCV  
  45  4:09  Barracks  
  46  4:11  Factory Tech Lab, Marine  
  46  4:15  SCV  
  49  4:17  SCV  
  49  4:25  Engineering Bay  
  49  4:27  SCV  
  49  4:29  Siege Tank  
  49  4:31  Marine  
  53  4:32  SCV  
  55  4:43  SCV  
  52  4:45  SCV  
  52  4:48  Refinery  
  52  4:51  Starport Reactor  
  52  4:52  Marine  
  54  4:55  SCV  
  54  4:56  Terran Infantry Weapons Level 1  
  54  4:57  Supply Depot  
  54  4:59  Marine x4  
  56  5:06  Siege Tank  
  59  5:09  SCV x2  
  59  5:10  Marine  
  59  5:11  Supply Depot  
  62  5:15  Refinery  
  62  5:17  Marine  
  63  5:21  SCV  
  63  5:22  Marine x2  
  63  5:23  Marine  
  63  5:28  Medivac x2  
  72  5:29  Marine  
  72  5:34  Marine  
  72  5:40  Marine x2  
  76  5:44  Combat Shield, Marine  
  76  5:46  Marine  
  77  5:54  Marine  
  77  5:55  Supply Depot  
  76  5:58  Siege Tank, Marine  
  76  6:02  Marine x2  
  82  6:04  Medivac  
  82  6:05  Marine  
  85  6:14  Marine  
  85  6:15  Supply Depot  
  85  6:16  Marine, Medivac  
  89  6:18  Supply Depot  
  89  6:22  Marine x2  
  89  6:23  SCV x2  
  93  6:30  Siege Tank  
  96  6:34  Marine x2  
  96  6:35  SCV  
  96  6:37  SCV  
  96  6:39  Liberator  
  94  6:42  Marine  
  95  6:50  Command Center  
  95  6:53  Terran Infantry Armor Level 1  
  95  6:58  Marine x2  
  95  6:59  Marine x2  
  95  7:00  SCV x2  
  103  7:09  Marine  
  104  7:17  SCV x2  
  104  7:21  Marine x2  
  108  7:23  Supply Depot  
  108  7:26  Marine x2  
  109  7:35  Siege Tank, Marine  
  113  7:39  Marine, SCV x2  
  113  7:40  Medivac  
  118  7:48  Marine x2  
  118  7:49  Marine  
  121  7:53  Marine  
  121  7:54  SCV x2  
  124  8:00  Marine  
  124  8:02  Barracks x2  
  124  8:04  Orbital Command  
  124  8:06  Marine, Medivac  
  124  8:08  Marine x2  
  124  8:12  Liberator  
  128  8:13  SCV x2  
  128  8:18  Liberator  
  126  8:21  Marine x2  
  126  8:23  Orbital Command  
  126  8:25  SCV  
  129  8:32  SCV  
  132  8:36  Supply Depot  
  132  8:38  Siege Tank  
  132  8:40  SCV  
  139  8:44  SCV  
  139  8:47  Marine x2  
  141  8:53  Engineering Bay, Armory  
  141  8:58  Marine x2, SCV  
  141  9:00  Barracks Reactor  
  144  9:04  SCV x2  
  144  9:06  Barracks Reactor  
  145  9:10  SCV  
  145  9:12  Siege Tank  
  145  9:15  Refinery  
  145  9:16  Supply Depot x2  
  149  9:22  Supply Depot  
  149  9:25  Refinery  
  149  9:34  Factory  
  149  9:37  Marine, SCV  
  151  9:40  Command Center  
  151  9:41  Marine x2  
  151  9:43  Terran Infantry Weapons Level 2, Terran Infantry Armor Level 2  
  155  9:51  Siege Tank  
  156  9:53  Terran Vehicle Weapons Level 1  
  156  10:02  Command Center  
  156  10:08  Missile Turret  
  153  10:15  Marine x4  
  153  10:16  Marine  
  153  10:18  SCV x3  
  159  10:21  Factory Tech Lab  
  159  10:23  Siege Tank  
  159  10:30  SCV x2  
  159  10:33  Marine  
  161  10:37  SCV  
  161  10:41  Siege Tank  
  161  10:42  SCV x2  
  167  10:47  Sensor Tower  
  167  10:49  SCV  
  168  10:54  SCV  
  168  10:55  SCV  
  169  10:57  Siege Tank  
  169  11:02  SCV  
  170  11:06  SCV  
  170  11:07  Marauder, SCV  
  170  11:08  Marine x4  
  178  11:12  Planetary Fortress  
  178  11:14  SCV  
  178  11:19  SCV x2, Starport Reactor  
  168  11:26  Siege Tank, SCV  
  173  11:32  SCV  
  173  11:33  SCV  
  173  11:36  Liberator x2  
  173  11:39  Refinery  
  175  11:40  Refinery  
  175  11:42  Barracks  
  175  11:43  Barracks  
  175  11:44  Siege Tank  
  177  11:50  Terran Vehicle Weapons Level 2  
  183  11:58  Siege Tank  
  186  12:01  Missile Turret  
  186  12:02  Starport  
  186  12:04  Missile Turret  
  186  12:05  Starport  
  155  12:13  Marauder, Marine x6  
  154  12:15  SCV  
  154  12:16  SCV x2  
  154  12:18  Siege Tank  
  154  12:20  Liberator x2  
  158  12:26  Fusion Core  
  158  12:30  Missile Turret  
  158  12:31  Marine x3  
  158  12:32  Siege Tank, Missile Turret  
  158  12:33  Barracks Reactor  
  158  12:34  Terran Infantry Weapons Level 3  
  158  12:35  SCV x3  
  158  12:36  Marine x4  
  171  12:38  Barracks Tech Lab  
  171  12:42  Missile Turret  
  177  12:46  Missile Turret  
  177  12:48  SCV x2  
  178  12:53  Sensor Tower  
  178  12:55  Concussive Shells  
  178  12:56  Refinery  
  178  12:58  Refinery  
  178  13:02  Marine x3  
  178  13:03  Marine  
  178  13:05  Siege Tank  
  175  13:11  Marauder x2, Marine x5  
  159  13:13  SCV x3  
  159  13:17  Starport Tech Lab, Starport Reactor, Planetary Fortress  
  161  13:20  Marine  
  161  13:23  Medivac x2  
  161  13:24  Siege Tank  
  169  13:27  Missile Turret  
  169  13:33  Marine x3, Terran Infantry Armor Level 3  
  172  13:34  Marine x2  
  172  13:40  Siege Tank  
  177  13:42  Marine x2  
  177  13:43  Advanced Ballistics  
  177  13:46  Marine x4  
  183  13:50  Liberator x3  
  175  13:56  Liberator  
  175  13:58  Siege Tank  
  175  14:01  SCV, Missile Turret  
  176  14:04  Missile Turret  
  176  14:05  Command Center  
  176  14:08  Marine  
  176  14:09  Marine x2  
  186  14:15  Marine x4  
  186  14:16  Marine x2  
  195  14:18  Siege Tank  
  195  14:20  Missile Turret  
  198  14:24  Missile Turret  
  189  14:32  Liberator  
  189  14:33  Liberator  
  189  14:36  Siege Tank  
  170  14:44  Marine x2  
  170  14:45  Marauder x2  
  173  14:48  Marine x2  
  173  14:49  Marine  
  173  14:50  Command Center  
  180  14:58  Marine x2  
  176  15:00  Barracks Tech Lab  
  176  15:06  Marauder x2  
  180  15:15  Marine x2  
  180  15:17  Siege Tank  
  180  15:20  Medivac x2  
  177  15:22  Supply Depot  
  177  15:27  Marauder  
  183  15:28  Marauder x2  
  183  15:29  Marine x6  
  187  15:39  Marine x2  
  187  15:46  Marine x2  
  187  15:48  Marine  
  187  15:49  Siege Tank, Marine x4  
  189  15:50  Liberator x2  
  186  16:02  Siege Tank  
  180  16:15  Planetary Fortress  
  177  16:26  Siege Tank  
  177  16:32  Orbital Command  
  174  16:41  SCV x2  
  176  16:47  Terran Vehicle Weapons Level 3  
  176  16:53  SCV x2  
  172  16:55  Marine  
  172  16:58  Marine x3  
  172  16:59  Marine x4  
  139  17:02  Siege Tank, Marine x3  
  139  17:05  Liberator, SCV x2  
  139  17:06  Liberator  
  144  17:13  Marine  
  145  17:22  SCV  
  148  17:24  Marine x4  
  148  17:26  Marine  
  148  17:29  Marine x2, Missile Turret  
  159  17:31  Marine x2  
  163  17:41  Siege Tank  
  163  17:45  Siege Tank, Refinery x2  
  164  17:52  Missile Turret  
  164  17:55  Missile Turret  
  164  17:56  Sensor Tower  
  164  18:02  SCV x3  
  167  18:09  Viking x2  
  167  18:10  Viking x2  
  175  18:23  Siege Tank x2  
  179  18:35  Viking, Command Center  
  181  18:47  Viking x2  
  181  18:48  Viking  
  180  19:03  Viking  
  172  19:14  SCV x3  
  156  19:23  Viking  
  156  19:24  Viking  
  157  19:26  SCV x2  
  157  19:27  SCV  
  157  19:30  Viking  
Show
View Real Time Build Order
Export as new Build Order

Serral Zerg - Winner!

Build Orders: Hatch First 

Get SALT Encoding   

  12  0:00  Drone  
  13  0:12  Overlord  
  13  0:17  Drone  
  14  0:30  Drone x2  
  16  0:48  Hatchery  
  15  0:51  Drone  
  15  0:54  Drone  
  17  0:58  Drone  
  18  1:08  Extractor  
  17  1:14  Spawning Pool  
  17  1:17  Drone  
  17  1:20  Drone  
  18  1:27  Drone  
  19  1:38  Drone  
  20  1:51  Overlord  
  20  2:00  Queen x2  
  24  2:01  Zergling x4  
  26  2:11  Metabolic Boost  
  26  2:12  Drone x2  
  28  2:21  Drone x2  
  29  2:36  Queen  
  31  2:37  Spore Crawler  
  31  2:41  Zergling x2  
  32  2:45  Overlord  
  32  2:47  Drone x2  
  34  3:00  Drone  
  34  3:01  Drone, Hatchery  
  34  3:04  Drone  
  34  3:05  Drone  
  37  3:12  Drone x2  
  39  3:18  Overlord  
  39  3:21  Queen  
  39  3:23  Zergling x2  
  39  3:24  Zergling x2  
  39  3:26  Drone  
  44  3:36  Overlord  
  44  3:37  Drone  
  44  3:40  Drone  
  46  3:45  Overlord  
  46  3:46  Drone x2  
  46  3:47  Drone  
  49  3:50  Roach Warren  
  49  3:53  Drone x2  
  49  3:57  Zergling x4  
  51  4:06  Drone x2  
  53  4:13  Extractor  
  53  4:14  Zergling x2, Extractor  
  53  4:15  Overlord  
  53  4:16  Drone x2  
  56  4:18  Overlord  
  56  4:20  Zergling x2  
  56  4:24  Zergling x2  
  56  4:33  Overlord  
  56  4:44  Roach x6  
  67  4:46  Roach  
  69  4:56  Drone, Lair  
  70  5:05  Drone  
  70  5:06  Drone x7  
  73  5:07  Drone  
  73  5:11  Queen  
  75  5:16  Drone  
  75  5:17  Drone  
  75  5:18  Drone x2  
  79  5:23  Evolution Chamber  
  79  5:25  Evolution Chamber  
  79  5:26  Drone x2  
  79  5:33  Drone x2  
  79  5:34  Drone  
  82  5:39  Overlord  
  82  5:40  Extractor  
  81  5:43  Overlord  
  81  5:44  Drone x4  
  85  5:51  Zerg Missile Weapons Level 1  
  85  5:52  Drone, Zerg Ground Armor Level 1  
  85  5:53  Drone x3  
  85  5:55  Overlord  
  85  5:56  Glial Reconstitution  
  89  5:58  Drone, Extractor  
  89  5:59  Drone, Extractor  
  89  6:00  Drone  
  90  6:04  Drone x2  
  90  6:08  Roach  
  96  6:11  Roach x3  
  96  6:16  Roach x2  
  104  6:22  Hatchery, Overseer  
  104  6:25  Roach x2  
  107  6:28  Overlord  
  107  6:29  Overlord  
  107  6:31  Roach  
  109  6:34  Overlord  
  109  6:46  Queen  
  109  6:49  Roach  
  109  6:50  Roach x3  
  109  6:51  Drone x2  
  119  6:57  Zergling x4, Roach x3  
  119  6:59  Overlord  
  127  7:06  Overlord  
  126  7:12  Overlord  
  126  7:13  Zergling x2, Roach  
  126  7:15  Overlord x2  
  129  7:19  Overlord  
  129  7:21  Infestation Pit, Baneling Nest  
  125  7:31  Overlord  
  125  7:34  Overseer  
  125  7:36  Zergling x12, Roach x2  
  133  7:40  Zergling x2  
  134  7:45  Ravager x4  
  134  7:46  Ravager x7  
  134  7:47  Roach x3  
  153  7:54  Roach x7  
  167  8:00  Roach x4  
  167  8:04  Overlord x3  
  175  8:07  Overlord  
  174  8:16  Roach x3  
  174  8:21  Drone  
  174  8:26  Spore Crawler  
  171  8:31  Zergling x2  
  171  8:32  Zergling x14  
  179  8:34  Hatchery  
  178  8:47  Queen  
  180  8:49  Drone x10  
  190  8:55  Zerg Melee Weapons Level 1  
  190  9:00  Baneling Nest  
  190  9:01  Infestation Pit  
  187  9:06  Overlord  
  187  9:08  Overlord  
  187  9:12  Pneumatized Carapace  
  187  9:26  Drone, Spore Crawler x2  
  187  9:27  Zerg Ground Armor Level 2, Spore Crawler  
  187  9:29  Drone x4  
  186  9:31  Drone x2  
  186  9:33  Drone  
  186  9:34  Overlord  
  186  9:35  Zergling x16  
  196  9:39  Hive  
  196  9:46  Overlord x2  
  196  9:47  Queen  
  196  9:48  Drone x2  
  199  10:03  Centrifical Hooks  
  199  10:06  Extractor  
  198  10:10  Drone  
  199  10:19  Drone x2  
  200  10:31  Zergling x12  
  197  10:37  Drone  
  197  10:38  Drone x2  
  197  10:39  Spore Crawler  
  199  10:46  Overlord  
  199  10:54  Zerg Melee Weapons Level 2  
  199  10:55  Overseer  
  199  10:56  Ultralisk Cavern  
  195  10:57  Viper  
  195  10:59  Spore Crawler  
  195  11:02  Baneling x10  
  195  11:03  Baneling x2  
  197  11:04  Baneling x4  
  197  11:12  Viper  
  200  11:23  Zergling x4  
  200  11:24  Zergling x16  
  199  11:35  Ravager  
  199  11:36  Ravager x3  
  200  11:45  Zerg Ground Armor Level 3  
  200  11:48  Chitinous Plating  
  200  11:49  Hatchery  
  199  12:02  Burrow  
  182  12:11  Zergling x30  
  182  12:12  Zergling x8  
  182  12:14  Ravager  
  182  12:15  Zergling x10, Ravager  
  191  12:16  Zergling x8  
  199  12:31  Baneling x38  
  199  12:33  Adrenal Glands  
  199  12:36  Spire  
  198  12:38  Extractor  
  198  12:41  Spore Crawler  
  198  12:42  Zergling x6  
  199  12:44  Baneling x14  
  165  13:06  Anabolic Synthesis  
  165  13:10  Zergling x18  
  165  13:11  Zergling x18  
  149  13:14  Zergling x46  
  149  13:15  Zergling x10  
  177  13:20  Zerg Melee Weapons Level 3  
  177  13:24  Viper  
  177  13:25  Viper  
  187  13:27  Ravager  
  187  13:28  Ravager x3  
  187  13:30  Queen  
  187  13:31  Drone x3, Extractor  
  194  13:40  Baneling x13  
  194  13:41  Baneling x7  
  191  13:42  Zergling x10, Drone x3  
  191  13:46  Baneling x8  
  199  13:55  Zergling x22  
  191  13:56  Zergling x2  
  199  14:11  Greater Spire  
  199  14:20  Baneling x4  
  165  14:32  Zergling x26  
  165  14:33  Zergling x10  
  159  14:39  Zergling x2  
  159  14:40  Zergling x28, Roach  
  164  14:45  Zergling x16  
  164  14:50  Ultralisk  
  164  14:52  Ravager  
  176  14:53  Baneling x10  
  176  14:54  Roach  
  176  14:56  Roach x3  
  181  15:00  Baneling  
  181  15:01  Baneling x10  
  181  15:05  Baneling x5  
  180  15:08  Zergling x10, Roach x2  
  180  15:13  Zergling x2  
  188  15:17  Baneling x7  
  183  15:22  Zergling x38  
  183  15:25  Zergling x6  
  196  15:35  Zergling x10  
  196  15:36  Zergling x2  
  196  15:41  Baneling x7  
  192  15:45  Corruptor  
  192  15:49  Zergling x22  
  187  16:10  Ravager x5  
  183  16:12  Hatchery  
  183  16:13  Zergling x2  
  183  16:14  Zergling x20  
  193  16:23  Zergling x14  
  195  16:37  Viper x2  
  146  17:04  Roach x2  
  146  17:05  Zergling x30, Ultralisk  
  165  17:10  Baneling x2  
  165  17:11  Baneling x11, Drone  
  166  17:16  Corruptor x4  
  166  17:20  Corruptor  
  176  17:32  Corruptor  
  176  17:34  Hatchery  
  175  17:50  Brood Lord x4  
  183  17:53  Brood Lord x2  
  187  18:01  Corruptor x2  
  191  18:08  Brood Lord  
  193  18:17  Corruptor x3  
  188  18:28  Corruptor  
  188  18:29  Corruptor x2  
  193  18:34  Corruptor x2  
  193  18:49  Overseer x2  
  193  18:51  Corruptor x3  
  191  19:18  Brood Lord  
  191  19:21  Zergling x16  
Tags
 
Add a new tag
Caveats
  • Supply blocks, unpowered buildings, or Contaminate may cause inaccurate times.
  • Supply counts are checked every 10 seconds.